details: 'wu-tang'

« prev index next »

General information

Mini Map

Players

team 1
UndeadMaSiWei (blue | 169 APM | 3658 actions | 21:42)
Hero icon 5 Death Knight
Ability icon 3 Death Coil
Ability icon 2 Unholy Aura
Hero icon 4 Lich
Ability icon 2 Frost Nova
Ability icon 2 Frost Armor

» actions
Assign group hotkey27
Basic commands199
Build / train56
ESC pressed2
Enter build submenu22
Enter hero's abilities submenu9
Give item / drop item1
Remove unit from queue1
Right click1662
Select / deselect754
Select group hotkey741
Use ability183
3658 total
» units
Acolyte7
Ghoul2
Crypt Fiend10
Obsidian Statue3
Frost Wyrm4
26 total
» upgrades
Burrow1
Creature Attack1
Destroyer Form1
Web1
Creature Carapace2
6 total
» buildings
Graveyard1
Crypt1
Altar of Darkness1
Ziggurat7
Tomb of Relics1
Halls of the Dead1
Slaughterhouse1
Black Citadel1
Sacrificial Pit1
Boneyard1
Necropolis1
17 total
» build order
00:07 Graveyard
00:10 Crypt
00:31 Altar of Darkness
01:02 Ziggurat
01:33 Tomb of Relics
02:09 Ziggurat
03:57 Halls of the Dead
04:49 Ziggurat
05:30 Ziggurat
06:28 Ziggurat
06:29 Ziggurat
06:31 Slaughterhouse
09:04 Black Citadel
12:42 Sacrificial Pit
12:59 Ziggurat
14:03 Boneyard
17:30 Necropolis
» items
Rod of Necromancy2
Scroll of Town Portal4
Potion of Healing1
Orb of Corruption1
Potion of Mana2
10 total
team 2
UndeadWu-Tang (pink | 61 APM | 1331 actions | 21:41)
Hero icon 3 Death Knight
Ability icon 2 Death Coil
Ability icon 1 Unholy Aura
Hero icon 3 Dreadlord
Ability icon 2 Sleep
Ability icon 1 Vampiric Aura
Hero icon 2 Lich
Ability icon 1 Frost Nova
Ability icon 1 Frost Armor

» actions
Assign group hotkey13
Basic commands40
Build / train52
Enter build submenu15
Enter hero's abilities submenu9
Remove unit from queue1
Right click519
Select / deselect350
Select group hotkey247
Use ability85
1331 total
» units
Acolyte8
Ghoul3
Crypt Fiend12
Obsidian Statue2
Abomination5
30 total
» upgrades
Web1
1 total
» buildings
Graveyard1
Crypt1
Altar of Darkness1
Ziggurat6
Tomb of Relics1
Halls of the Dead1
Slaughterhouse2
Black Citadel1
Spirit Tower1
Sacrificial Pit1
16 total
» build order
00:10 Graveyard
00:13 Crypt
00:41 Altar of Darkness
00:57 Ziggurat
01:13 Tomb of Relics
01:59 Ziggurat
03:40 Halls of the Dead
05:20 Ziggurat
06:43 Slaughterhouse
06:49 Black Citadel
06:53 Spirit Tower
08:05 Ziggurat
08:43 Slaughterhouse
09:52 Ziggurat
09:53 Ziggurat
15:27 Sacrificial Pit
» items
Rod of Necromancy3
Orb of Corruption1
Scroll of Town Portal1
Potion of Healing1
6 total